 Dungeon Crawl Stone Soup version 0.31-a0-664-g902f515a81 (webtiles) character file.

Game seed: 2945213013910496831

41 Xavori the Cutter (level 3, 0/18 (26) HPs)
             Began as an Octopode Chaos Knight on Sept 2, 2023.
             Was a Plaything of Xom.
             Slain by an orc
             ... wielding a +0 war axe
              (9 damage)
             ... on level 2 of the Dungeon.
             The game lasted 00:01:25 (9799 turns).

Xavori the Cutter (Octopode Chaos Knight)           Turns: 9799, Time: 00:01:25

HP:   0/18 (26)     AC:  3    Str: 10      XL:     3   Next: 52%
MP:   3/3           EV: 14    Int: 18 (19) God:    Xom [.....*]
Gold: 40            SH:  0    Dex: 23      Spells: 2/2 levels left

rFire   . . .        g - +2 dagger (vamp)
rCold   . . .        (no shield)
rNeg    . . .        (helmet restricted)
rPois   .            (no amulet)
rElec   .            l - +6 ring of dexterity
rCorr   .            k - +6 ring of intelligence
SInv    +            (no ring)
Will    .....        (no ring)
Stlth   +++          (no ring)
HPRegen 0.00/turn    (no ring)
MPRegen 0.08/turn    (no ring)
                     (no ring)

%: no passive effects
@: inhibited regen, very heavily drained
A: almost no armour, amphibious, 8 rings, camouflage 1, gelatinous body 1,
(nimble swimmer 1), tentacles, fangs 1, iridescent scales 1, see invisible,
agile 1, sense surroundings 1, inhibited regeneration, evolution 2, inability to
drink after injury 1, inability to read after injury 1
a: Renounce Religion


You were on level 2 of the Dungeon.
You worshipped Xom.
You were Xom's teddy bear.
You visited 1 branch of the dungeon, and saw 2 of its levels.

You collected 40 gold pieces.

Inventory:

Hand Weapons
 a - a +0 short sword of chaos
 g - a +2 vampiric dagger (weapon)
Jewellery
 k - a +6 ring of intelligence (right tentacle)
 l - a +6 ring of dexterity (left tentacle)
Scrolls
 b - a scroll of butterflies
 c - a scroll of blinking {unknown}
 d - a scroll of noise {unknown}
 e - 2 scrolls of identify {unknown}
 f - 2 scrolls of vulnerability {unknown}
 n - a scroll of acquirement {unknown}
 o - a scroll of fear {unknown}
 q - a scroll of teleportation {unknown}
Potions
 h - a potion of curing {unknown}
 i - a potion of heal wounds {unknown}
 j - a potion of lignification {unknown}
 m - a potion of berserk rage {unknown}
 p - a potion of ambrosia {unknown}


   Skills:
 + Level 3.3 Fighting
 + Level 3.7 Short Blades
 + Level 2.5 Dodging
 + Level 1.5 Stealth


You had 2 spell levels left.
You didn't know any spells.
Your spell library was empty.

Dungeon Overview and Level Annotations

Branches:
Dungeon (2/15)

Altars:
Yredelemnul


Innate Abilities, Weirdness & Mutations

You cannot wear most types of armour.
You are amphibious.
You can wear up to eight rings at the same time.
Your skin changes colour to match your surroundings (Stealth+).
Your rubbery body absorbs attacks. (AC +1, EV +1)
((You are camouflaged when in or above water. (Stealth+)))
You have tentacles for arms and can constrict up to eight enemies at once.
You have very sharp teeth.
You are partially covered in iridescent scales. (AC +2)
You have supernaturally acute eyesight. (SInv)
You are agile. (Dex +4, Str/Int -1)
You passively map a small area around you.
You do not regenerate when monsters are visible.
You have great hidden genetic potential.
You occasionally lose the ability to drink potions when taking damage.
You occasionally lose the ability to read scrolls when taking damage.


Message History

An orc comes into view. It is wielding a +0 club.
The jackal barks!
The jackal closely misses you.
Unknown command.
You hit the jackal. You grab the jackal. Your bite misses the jackal.
The jackal is almost dead.
You constrict the jackal, but do no damage.
The jackal barely misses you.
Unknown command.
You hit the jackal.
You kill the jackal!
Unknown command.
The endoplasm hits you. The ball python bites you.
The ball python barely misses you.
Unknown command.
You hit the ball python.
You kill the ball python!
The endoplasm freezes you.
You are frozen.
The orc wizard casts a spell.
The orc wizard flickers and vanishes for a moment.
Unknown command.
You hit the orc but do no damage. Your grab misses the orc.
You squeeze the orc!
You kill the orc!
The endoplasm hits you.
Unknown command.
You are too injured to fight recklessly!
You are too injured to fight recklessly!
The jackal bites you but does no damage.
The jackal attacks as it pursues you! The jackal completely misses you.
The orc attacks as it pursues you! The orc closely misses you.
There is a stone staircase leading up here.
You are too injured to fight recklessly!
You are too injured to fight recklessly!
The jackal bites you but does no damage.
The orc hits you with a +0 war axe!
Ouch! That really hurt!
You die...
Xom bursts into laughter!

##.....##..[..##
#.###.##.#...
###### #######
##.###.#..#...
##...........#.
##............#
#..#..........#.
##.##............
#..######.#..####
###.## #.#.##
###.@.# *#[..#
#...ho##### ...##
#####Jo...# .###
#)o......, **
#........ * *
#........ , ,
#........
#........
######### *


You could see an orc wizard (invisible), 2 orcs, an endoplasm and a jackal.

Vanquished Creatures
  An adder (D:2)
  2 dart slugs
  An orc (D:2)
  A bat (D:2)
  4 endoplasms
  2 giant cockroaches
  A goblin (D:1)
  4 hobgoblins (D:2)
  A jackal (D:2)
  4 kobolds
  2 ball pythons
  2 rats
25 creatures vanquished.

Notes
Turn   | Place    | Note
-------+----------+-------------------------------------------
     0 | D:1      | Xavori the Octopode Chaos Knight began the quest for the
                  | Orb.
     0 | D:1      | Reached XP level 1. HP: 16/16 MP: 1/1
    24 | D:1      | You fall into a shaft and drop 1 floor!
   266 | D:1      | Reached XP level 2. HP: 15/21 MP: 2/2
   357 | D:1      | XOM: divination: magic mapping
   478 | D:1      | Found a faded altar of an unknown god.
  1193 | D:1      | XOM: scenery: 1 fountains blood, 1 doors close
  1490 | D:1      | XOM is BORED!
  1603 | D:1      | XOM: silly message
  1663 | D:1      | XOM: give mutation
  1663 | D:1      | Gained mutation: You are clumsy. (Dex -2) [Xom's mischief]
  2576 | D:1      | XOM: draining
  3153 | D:1      | XOM is BORED!
  3338 | D:1      | XOM: draining
  4583 | D:1      | XOM: summons 2 hostile demons
  4584 | D:1      | Noticed a chaos spawn
  4709 | D:2      | XOM: summons 2 hostile demons
  4710 | D:2      | Noticed a crimson imp
  4710 | D:2      | Noticed a crimson imp
  5486 | D:1      | XOM: stat loss: -1 Str (10/11)
  5690 | D:1      | XOM: draining
  5848 | D:1      | XOM: torment (6/9 hp)
  5958 | D:1      | XOM: stat loss: -1 Int (13/14)
  6199 | D:1      | XOM is BORED!
  6349 | D:1      | XOM: god gift: +6 ring of dexterity
  6415 | D:1      | XOM: god gift: viscous emerald potion {god gift}
  6549 | D:1      | XOM: give mutations
  6549 | D:1      | Gained mutation: You have hidden genetic potential. [Xom's
                  | mischief]
  6549 | D:1      | Lost mutation: You are clumsy. (Dex -2) [Xom's mischief]
  6549 | D:1      | Gained mutation: You have very sharp teeth. [Xom's
                  | mischief]
  6549 | D:1      | Gained mutation: You do not regenerate when monsters are
                  | visible. [Xom's mischief]
  6619 | D:1      | XOM is BORED!
  6619 | D:1      | XOM: give mutations
  6619 | D:1      | Gained mutation: Your mind is acute. (Int +4, Str/Dex -1)
                  | [Xom's mischief]
  6619 | D:1      | Gained mutation: You occasionally lose the ability to drink
                  | potions when taking damage. [Xom's mischief]
  6881 | D:1      | XOM: give mutations
  6881 | D:1      | Gained mutation: You have supernaturally acute eyesight.
                  | (SInv) [Xom's mischief]
  6881 | D:1      | Gained mutation: You occasionally lose the ability to read
                  | scrolls when taking damage. [Xom's mischief]
  6881 | D:1      | Lost mutation: Your mind is acute. (Int +4, Str/Dex -1)
                  | [Xom's mischief]
  6881 | D:1      | Gained mutation: You passively map a small area around you.
                  | [Xom's mischief]
  7449 | D:1      | XOM: cloud trail
  8671 | D:1      | XOM: scenery: 1 doors open
  8763 | D:1      | XOM: cloud trail
  9112 | D:1      | XOM: scenery: 1 doors close
  9356 | D:1      | XOM: give mutations
  9356 | D:1      | Gained mutation: You are partially covered in iridescent
                  | scales. (AC +2) [Xom's grace]
  9356 | D:1      | Gained mutation: You are agile. (Dex +4, Str/Int -1) [Xom's
                  | grace]
  9392 | D:1      | XOM: scenery: 1 doors open
  9631 | D:2      | Reached skill level 1 in Stealth
  9631 | D:2      | Reached XP level 3. HP: 13/16 MP: 3/3
  9735 | D:2      | Found a basalt altar of Yredelemnul.
  9738 | D:2      | XOM: god gift: 17 gold pieces
  9790 | D:2      | Gained mutation: You have great hidden genetic potential.
                  | [hidden potential]
  9799 | D:2      | Slain by an orc

Illustrated notes

Levels and vault maps discovered:
D:1:      mushboom_english_gardens, layout_basic,
          chequers_ecumenical_altar_grove, minmay_quantized
D:2:      layout_rooms, basic_altar, corner_web_ring

Skill      XL: |  1  2 |
---------------+-------+-----
Stealth        | 1 |  1.5
Fighting       | |  3.3
Short Blades   | |  3.7
Dodging        | |  2.5

Action                     || total
---------------------------++-------
  Melee: Short sword       ||     7
         Constrict         ||    12
         Dagger            ||    35
         Tentacles         ||     8
         Punch             ||     2
         Bite              ||     1
    Use: Potion            ||     1
   Stab: Sleeping          ||     7
 Armour: Skin              ||    23
  Dodge: Dodged            ||    18

Table legend: (Time is in decaauts)
 A = Elapsed time spent in this place.
 B = Non-inter-level travel time spent in this place.
 C = Inter-level travel time spent in this place.
 D = Time resting spent in this place.
 E = Time spent auto-exploring this place.
 F = Levels seen in this place.
 G = Mean time per level.
                   A        B        C        D        E       F      G
               +--------+--------+--------+--------+--------+-----+--------+
         Total |   9772 |   9720 |     52 |   8863 |    684 |   2 | 4886.0 |
       Dungeon |   9772 |   9720 |     52 |   8863 |    684 |   2 | 4886.0 |
               +--------+--------+--------+--------+--------+-----+--------+

Top non-repeatable levels by time:
     D:1: 9401 daAuts
     D:2: 371 daAuts
